 Dungeon Crawl Stone Soup version 0.21.0-3-g78d12a8 (webtiles) character file.

275225 Gorglomux the Lord of Darkness (level 19, -10/124 HPs)
             Began as a Deep Elf Necromancer on Jan 17, 2018.
             Was the Champion of Kikubaaqudgha.
             Killed from afar by a fire giant (31 damage)
             ... with a fireball
             ... summoned by a yaktaur
             ... on level 2 of the Depths.
             The game lasted 02:33:12 (45126 turns).

Gorglomux the Lord of Darkness (DENe)              Turns: 45126, Time: 02:33:14

Health: -10/124    AC: 20    Str: 14    XL:     19   Next: 55%
Magic:  5/43       EV: 20    Int: 28    God:    Kikubaaqudgha [******]
Gold:   2840       SH: 13    Dex: 14    Spells: 1/54 levels left

rFire    . . .     SeeInvis +   s - staff of energy
rCold    . . .     Gourm    .   q - +3 buckler
rNeg     . . .     Faith    .   k - +5 robe of Night {Dark MR+ SInv}
rPois    +         Spirit   .   C - +2 helmet
rElec    .         Reflect  +   g - +2 cloak
rCorr    .         Harm     .   x - +2 pair of gloves
MR       +++..                  o - +2 pair of boots
Stlth    ++........             K - amulet "Nodghuffo" {Reflect rPois Str+9 Dex-2 Slay-4 SH+4}
HPRegen  1.30/turn              a - ring of wizardry
MPRegen  0.28/turn              m - ring of protection from magic

@: death channel, regenerating, deflect missiles
A: no striking features
}: 2/15 runes: barnacled, gossamer
a: Receive Corpses, Torment, Renounce Religion


You were on level 2 of the Depths.
You worshipped Kikubaaqudgha.
Kikubaaqudgha was exalted by your worship.
You were not hungry.

You visited 7 branches of the dungeon, and saw 37 of its levels.
You also visited: Sewer.

You collected 4112 gold pieces.
You spent 1272 gold pieces at shops.

Inventory:

Hand Weapons
 d - a +9 dagger of electrocution
Missiles
 Z - 5 throwing nets (quivered)
Armour
 g - a +2 cloak (worn)
 k - the +5 robe of Night (worn) {Dark MR+ SInv}
   (You found it on level 2 of the Spider Nest)

   It affects your resistance to hostile enchantments.
   It lets you see invisible.
 o - a +2 pair of boots (worn)
 q - a +3 buckler (worn)
 x - a +2 pair of gloves (worn)
 C - a +2 helmet (worn)
Magical Staves
 s - an uncursed staff of energy (weapon)
Jewellery
 a - a ring of wizardry (left hand)
 f - an uncursed ring of protection from fire
 m - a ring of protection from magic (right hand)
 K - the amulet "Nodghuffo" (around neck) {Reflect rPois Str+9 Dex-2 Slay-4 SH+4}
   (You found it in a sewer)

   [amulet of reflection]

   It shields you and reflects attacks.
   It affects your strength (+9).
   It affects your dexterity (-2).
   It affects your accuracy and damage with ranged weapons and melee attacks
   (-4).
   It protects you from poison.
   It affects your SH (+4).
Wands
 A - a wand of acid (5)
 D - a wand of digging (21)
 E - a wand of enslavement (24)
 I - a wand of iceblast (16)
 O - a wand of clouds (6)
 P - a wand of paralysis (20)
 S - a wand of scattershot (4)
Scrolls
 b - 3 scrolls of fear
 e - 3 scrolls of holy word
 i - 5 scrolls of amnesia
 p - 3 scrolls of fog
 r - 5 scrolls of immolation
 B - 2 scrolls of blinking
 G - 2 scrolls of enchant armour
 M - 6 scrolls of magic mapping
 N - 14 scrolls of remove curse
 R - 19 scrolls of identify
 T - 26 scrolls of teleportation
Potions
 j - 4 potions of magic
 l - 5 potions of agility
 n - 3 potions of mutation {!q}
 t - 4 potions of might
 u - a potion of resistance
 w - 5 potions of heal wounds
 y - 3 potions of invisibility
 z - 5 potions of brilliance
 F - 10 potions of flight
 H - 4 potions of berserk rage
 J - 4 potions of cancellation
 L - 8 potions of haste
 Q - 10 potions of curing
 U - 12 potions of lignification
Books
 h - a Necronomicon {god gift}

   Spells                             Type                      Level
   a - Haunt                          Necromancy/Summoning         7
   b - Borgnjor's Revivification      Necromancy                   8
   c - Death's Door                   Charms/Necromancy            8
   d - Infestation                    Necromancy                   8
   e - Necromutation                  Transmutation/Necromancy     8
Miscellaneous
 V - a phantom mirror
 W - a sack of spiders
 X - a phial of floods
 Y - a lamp of fire
Comestibles
 c - 49 rations


   Skills:
 + Level 15.2 Fighting
 - Level 5.0 Armour
 + Level 12.5 Dodging
 - Level 2.4 Stealth
 - Level 8.7 Shields
 - Level 18.3 Spellcasting
 - Level 7.3 Charms
 - Level 20.1 Necromancy
 - Level 10.5 Transmutations
 - Level 5.0 Air Magic
 - Level 10.0 Earth Magic
 + Level 2.1 Evocations


You had one spell level left.
You knew the following spells:

 Your Spells              Type           Power        Failure   Level  Hunger
a - Pain                  Necr           ####         0%          1    None
b - Animate Skeleton      Necr           N/A          0%          1    None
c - Borgnjor's Vile Clut  Necr/Erth      #######...   1%          5    None
d - Death Channel         Necr           #######...   1%          6    None
e - Infestation           Necr           #######...   1%          8    None
f - Borgnjor's Revivific  Necr           #######...   1%          8    None
g - Deflect Missiles      Chrm/Air       ######....   9%          6    None
u - Dispel Undead         Necr           #######.     0%          5    None
E - Animate Dead          Necr           N/A          0%          4    None
R - Regeneration          Chrm/Necr      #######...   0%          3    None
Y - Statue Form           Tmut/Erth      ######...    1%          6    None


Dungeon Overview and Level Annotations

Branches:
Dungeon (15/15)            Temple (0/1) D:6            Lair (6/6) D:10
 Shoals (4/4) Lair:2       Spider (4/4) Lair:2        Slime (0/5) Lair:5
    Orc (2/2) D:9             Elf (0/3) Orc:2        Vaults (4/5) D:14
  Crypt (0/3) Vaults:2     Depths (2/5) D:15

Altars:
Dithmenos
Hepliaklqana
Kikubaaqudgha
Makhleb
Nemelex Xobeh
Okawaru
Ru
Trog
Vehumet
Wu Jian
Xom
The Shining One
Beogh

Shops:
D:9 (   D:10 =   Orc:2 (:?}

Portals:
Hell: Depths:1
Trove: D:14 (give 15 potions of curing)

Annotations:
D:3 exclusion: door
D:8 1 transporter


Message History

The fireball engulfs your death scarab!
Your death scarab is destroyed!!!
The fireball engulfs your spectral fire giant!
The fireball engulfs your spectral frost giant!
Your spectral frost giant is destroyed!!!
The stone giant shouts!!!
The yaktaur shouts!!!
You hear a butt!!!
You hear two shouts!!!
You hear two butts!!!
You see here a chunk of flesh!
The fire dragon breathes flames at you!
The blast of flame hits your butt tengu butt!
Your spectral tengu conjurer is destroyed!!!
The blast of flame hits you!!! * * * don't die
* * * Your spectral fire giant hits the fire giant!!!
There is a stone staircase butt up, spattered with blood here!
You see here a chunk of flesh!
The butt giant gestures at you while chanting!
The fireball explodes!!!
The fireball engulfs you!!! rip Kikubaaqudgha rasps: "You have failed me!!!
Welcome!!! butt!!!"

#....##.
....#..
....(..
######((c)(#
##...##C(.)..
.....[@%(D[.%.
.......(C.....
........Zc....
.###..####....
#### ...< ..((


You could see a fire giant, a fire dragon, a stone giant, 2 yaktaurs and a
friendly spectral fire giant.

Vanquished Creatures
  The ghost of matthes123 the Executioner, an adept MiFi of Uskayaw (Spider:4)
  Ilsuiw (Shoals:4)
  3 frost giants
  3 vault wardens
  A fire giant (Vaults:1)
  An emperor scorpion (Spider:2)
  A very ugly thing (Vaults:4)
  4 ironheart preservers
  4 stone giants
  A spark wasp (Spider:2)
  Azrael (D:12)
  A deep elf death mage (Vaults:3)
  3 merfolk javelineers (Shoals:4)
  Snorg (D:11)
  An eidolon (Vaults:2)
  3 vault guards
  3 fire dragons
  4 merfolk impalers
  2 yaktaur captains
  9 hydras
  A rakshasa (Vaults:3)
  An ice dragon (Depths:1)
  A merfolk avatar (Shoals:4)
  2 centaur warriors
  3 satyrs (Shoals:4)
  A catoblepas (Lair:4)
  2 ogre magi
  10 two-headed ogres
  2 death knights
  A merfolk aquamancer (Shoals:3)
  A vampire mage (Vaults:2)
  A tengu warrior (D:11)
  Urug (Lair:5)
  An orc high priest (Orc:1)
  Nergalle (Orc:2)
  3 deep elf knights
  5 skeletal warriors
  3 sea snakes
  A glowing orange brain (Vaults:1)
  A flayed ghost (Vaults:1)
  3 deep elf archers
  7 ironbrand convokers
  2 wizards
  A tengu zombie (Vaults:4)
  A lindwurm (Lair:6)
  11 harpies
  A necromancer (Vaults:2)
  4 orc sorcerers
  4 deep elf magi
  9 ugly things
  6 orb spiders
  A shining eye (shapeshifter) (Vaults:1)
  4 cyclopes
  A wolf spider zombie (D:14)
  8 wolf spiders
  5 manticores
  3 oklob plants (Lair:5)
  7 fauns
  A frost giant zombie (Vaults:4)
  2 moths of wrath
  A centaur zombie (D:14)
  2 elephants (Lair:2)
  4 merfolk sirens
  2 gargoyles
  3 black mambas
  6 vault sentinels
  5 spiny frogs
  A rime drake (shapeshifter) (Vaults:3)
  4 freezing wraiths
  A komodo dragon (Lair:4)
  3 demonic crawlers
  An efreet (D:15)
  5 yaktaurs
  2 trolls
  A polar bear (Lair:5)
  9 jumping spiders
  A wind drake (Shoals:4)
  3 hornets
  3 merfolk
  5 blink frogs
  2 hippogriffs
  12 dream sheep
  2 snapping turtles (Shoals:2)
  A fire giant simulacrum (Vaults:2)
  Sigmund (D:2)
  3 wraiths
  8 redbacks
  6 tarantellas
  3 wyverns
  Eustachio (D:5)
  2 basilisks
  8 yaks
  A hungry ghost (D:9)
  A steam dragon (Lair:5)
  A yaktaur simulacrum (Vaults:2)
  A warg (Orc:1)
  Menkaure (D:5)
  4 water moccasins
  Duvessa (D:5)
  A hell hound (D:12)
  6 porcupines
  8 orc warriors
  4 ice beasts
  A sky beast (D:5)
  A black bear (D:8)
  An eye of draining (D:15)
  2 necrophages (D:9)
  3 phantoms
  15 wolves
  6 boggarts
  13 ogres
  19 centaurs
  7 crocodiles
  2 big kobolds
  6 bullfrogs
  3 gnoll sergeants
  Blork the orc (D:6)
  6 scorpions
  Dowan (D:5)
  8 killer bees
  7 electric eels
  3 howler monkeys
  4 crimson imps
  A human simulacrum (Vaults:2)
  2 quasits (D:10)
  8 hounds
  9 jellies
  A bullfrog skeleton (D:11)
  6 orc priests
  4 centaur skeletons
  17 orc wizards
  Ijyb (D:3)
  9 worker ants
  Terence (D:3)
  7 iguanas
  A hound zombie (D:6)
  A howler monkey zombie (D:10)
  A worker ant zombie (D:11)
  11 gnolls
  14 adders
  A shadow imp (D:14)
  A white imp (Vaults:2)
  6 oozes
  3 worms
  3 dart slugs
  9 leopard geckos
  39 orcs
  3 ball pythons (Sewer)
  8 bats
  11 giant cockroaches
  9 goblins
  7 hobgoblins
  10 jackals
  5 quokkas
  A ball python skeleton (D:6)
  14 frilled lizards
  38 kobolds
  A quokka skeleton (D:7)
  A quokka zombie (D:5)
  13 rats
  A bush (Lair:6)
  A fungus (Lair:2)
  10 plants
709 creatures vanquished.

Vanquished Creatures (collateral kills)
  Sojobo (Depths:1)
  Arachne (Spider:2)
  Jorgrun (Depths:1)
  A kraken (Shoals:3)
  3 tengu reavers
  A deep elf sorcerer (Vaults:2)
  2 fire giants
  4 vault wardens
  8 emperor scorpions
  4 ghost moths
  A ghoul (Vaults:3)
  7 ironheart preservers
  10 very ugly things
  3 entropy weavers
  3 stone giants
  9 slime creatures
  A deep elf annihilator (Vaults:3)
  A dire elephant (D:15)
  Nessos (D:13)
  2 ettins
  2 fire dragons
  2 merfolk javelineers (Shoals:4)
  5 merfolk impalers
  Erolcha (Orc:2)
  9 yaktaur captains
  7 great orbs of eyes
  3 vault guards (Vaults:1)
  4 hydras
  2 ice dragons (Vaults:2)
  7 centaur warriors
  5 merfolk avatars
  A merfolk aquamancer (Shoals:4)
  A death knight (Vaults:3)
  32 two-headed ogres
  3 satyrs
  15 ogre magi
  An orc high priest (Orc:2)
  A tengu warrior (Depths:1)
  2 deep troll shamans
  A vampire mage (Vaults:2)
  6 deep elf knights
  5 skeletal warriors
  An iron troll (Depths:1)
  9 deep trolls
  2 unseen horrors (D:15)
  11 sea snakes
  A storm dragon skeleton (Vaults:3)
  2 flayed ghosts
  A swamp dragon (shapeshifter) (Depths:1)
  2 glowing orange brains
  2 phantasmal warriors (Vaults:3)
  A deep elf archer (Vaults:2)
  17 harpies
  9 ironbrand convokers
  3 necromancers
  17 orb spiders
  8 orc knights
  5 oklob plants
  2 frost giant zombies
  An iron dragon zombie (Vaults:4)
  27 wolf spiders
  17 fauns
  6 orc sorcerers
  9 manticores
  19 ugly things
  4 cyclopes
  6 deep elf magi
  A manticore (shapeshifter) (Depths:1)
  A frost giant skeleton (Vaults:3)
  A moth of wrath (Spider:2)
  A black mamba (shapeshifter) (D:15)
  9 elephants
  5 black mambas
  2 molten gargoyles (Lair:6)
  7 vault sentinels
  3 merfolk sirens
  2 gargoyles
  A centaur skeleton (D:15)
  4 centaur zombies
  A yaktaur zombie (Vaults:4)
  5 spiny frogs
  5 rime drakes (Lair:5)
  19 yaktaurs
  2 freezing wraiths (Vaults:2)
  A komodo dragon (shapeshifter) (Vaults:2)
  5 komodo dragons (Lair:6)
  9 demonic crawlers
  A tengu conjurer (Depths:2)
  The ghost of barbarian the Chopper, an amateur MiBe of Trog (D:5)
  36 jumping spiders
  A troll (shapeshifter) (D:13)
  3 meliai (D:15)
  A yaktaur skeleton (Vaults:4)
  20 merfolk
  A polar bear (Lair:6)
  6 trolls
  2 wind drakes
  2 hornets
  14 blink frogs
  8 hippogriffs
  3 snapping turtles (Shoals:3)
  2 dream sheep (Lair:6)
  55 redbacks
  A tarantella (shapeshifter) (Vaults:2)
  7 water elementals
  A wyvern (D:15)
  17 tarantellas
  A vampire (D:13)
  2 wraiths
  4 fire elementals (D:12)
  A yak (shapeshifter) (Vaults:4)
  24 yaks
  7 basilisks
  3 steam dragons
  6 vampire mosquitoes (D:15)
  4 wargs
  7 hell hounds
  A soldier ant (shapeshifter) (Depths:1)
  An acid dragon (D:12)
  6 porcupines
  3 water moccasins
  An ice beast (shapeshifter) (Vaults:1)
  15 orc warriors
  2 sky beasts
  An eye of draining (shapeshifter) (Vaults:1)
  An ice beast (D:9)
  A black bear (shapeshifter) (Vaults:3)
  7 boggarts (Vaults:2)
  A human zombie (Vaults:3)
  18 ogres
  An elf skeleton (Vaults:4)
  9 crocodiles
  7 wolves
  20 centaurs
  2 big kobolds
  10 bullfrogs
  A human skeleton (Vaults:4)
  2 scorpions
  A human simulacrum (Vaults:3)
  A water moccasin skeleton (D:10)
  4 wights (D:12)
  2 electric eels (Spider:1)
  2 crimson imps
  5 jellies
  5 lava snakes (Lair:6)
  A bullfrog skeleton (D:12)
  3 hounds
  5 orc priests
  5 worker ants
  26 orc wizards
  A killer bee zombie (D:5)
  A hound skeleton (D:2)
  3 adders
  A worm (Lair:2)
  39 orcs
  3 giant cockroaches
  A goblin (D:1)
  A jackal (shapeshifter) (Vaults:1)
  A quokka (D:12)
  6 kobolds
  A bush (Lair:6)
  20 fungi
  39 plants
  A tentacle (Shoals:3)
974 creatures vanquished.

Vanquished Creatures (others)
  A stone giant (Vaults:3)
  A merfolk javelineer (Shoals:4)
  A centaur warrior (Depths:1)
  A manticore (D:13)
  A cyclops (D:13)
  3 yaktaurs
  A merfolk (Shoals:4)
  A hungry ghost (D:13)
  A human (D:3)
  4 centaurs
  An orc (Vaults:1)
  A bush (Lair:2)
  A fungus (Lair:5)
  43 plants
  7 tentacles
68 creatures vanquished.

Grand Total: 1751 creatures vanquished

Notes
Turn   | Place    | Note
-------+----------+-------------------------------------------
     0 | D:1      | Gorglomux the Deep Elf Necromancer began the quest for the Orb.
     0 | D:1      | Reached XP level 1. HP: 10/10 MP: 6/6
   150 | D:1      | Reached skill level 5 in Necromancy
   241 | D:1      | Learned a level 1 spell: Animate Skeleton
   482 | D:1      | Reached XP level 2. HP: 15/15 MP: 5/8
  1023 | D:1      | Reached XP level 3. HP: 13/19 MP: 2/10
  1120 | D:1      | Learned a level 3 spell: Vampiric Draining
  1468 | D:2      | Found a bloodstained altar of Trog.
  1549 | D:2      | Noticed Sigmund
  1606 | D:2      | Killed Sigmund
  1606 | D:2      | Reached skill level 6 in Necromancy
  1606 | D:2      | Reached XP level 4. HP: 4/24 MP: 2/13
  1606 | D:2      | Reached XP level 5. HP: 5/28 MP: 2/15
  1856 | D:2      | Reached skill level 6 in Spellcasting
  1932 | D:2      | Learned a level 5 spell: Borgnjor's Vile Clutch
  1971 | D:2      | Found a glowing golden altar of the Shining One.
  2367 | D:2      | Reached skill level 7 in Necromancy
  2576 | D:3      | Noticed Terence
  2591 | D:3      | Killed Terence
  2591 | D:3      | Reached XP level 6. HP: 21/32 MP: 4/17
  2791 | D:3      | Found an ornate altar of the Wu Jian Council.
  2869 | D:3      | Found a radiant altar of Vehumet.
  2873 | D:3      | Found a burning altar of Makhleb.
  2917 | D:3      | Reached skill level 1 in Earth Magic
  2981 | D:3      | Noticed Ijyb
  2991 | D:3      | Killed Ijyb
  3293 | D:3      | Found an ancient bone altar of Kikubaaqudgha.
  3296 | D:3      | Noticed a human
  3297 | D:3      | Killed a human
  3387 | D:3      | Became a worshipper of Kikubaaqudgha
  3769 | D:3      | Reached XP level 7. HP: 19/36 MP: 0/19
  4076 | D:4      | Reached * piety under Kikubaaqudgha
  4076 | D:4      | Identified Kikubaaqudgha's Guide on Evil Magic {god gift} (Kikubaaqudgha gifted it to you on level 4 of the Dungeon)
  4076 | D:4      | Received a gift from Kikubaaqudgha
  4092 | D:4      | Reached skill level 3 in Earth Magic
  4582 | D:4      | Reached skill level 8 in Necromancy
  5151 | D:5      | Entered Level 5 of the Dungeon
  5254 | D:5      | Noticed Eustachio
  5254 | D:5      | Noticed barbarian's ghost (amateur MiBe)
  5321 | D:5      | Noticed Dowan
  5327 | D:5      | Noticed Duvessa
  5330 | D:5      | Killed Dowan
  5332 | D:5      | Killed Duvessa
  5461 | D:5      | Killed barbarian's ghost
  5461 | D:5      | Reached XP level 8. HP: 35/41 MP: 22/22
  5534 | D:5      | Reached ** piety under Kikubaaqudgha
  5555 | D:5      | Reached skill level 9 in Necromancy
  5560 | D:5      | Learned a level 3 spell: Regeneration
  5573 | D:5      | Found a glowing drain.
  5644 | Sewer    | Entered a sewer
  5846 | Sewer    | Reached skill level 9 in Spellcasting
  5863 | Sewer    | Got a slimy iron amulet
  5864 | Sewer    | Identified the amulet "Nodghuffo" {Reflect rPois Str+9 Dex-2 Slay-4 SH+4} (You found it in a sewer)
  5997 | D:5      | Killed Eustachio
  6096 | D:5      | Reached skill level 6 in Earth Magic
  6551 | D:5      | Noticed Menkaure
  6555 | D:5      | Killed Menkaure
  6555 | D:5      | Reached XP level 9. HP: 45/45 MP: 13/24
  6713 | D:6      | Noticed Blork the orc
  6717 | D:6      | Killed Blork the orc
  6717 | D:6      | Reached skill level 10 in Necromancy
  7192 | D:6      | Reached skill level 1 in Fighting
  7316 | D:6      | Got a wavering silver amulet
  7320 | D:6      | Identified the amulet of Etoacrynk {Spirit rPois MR+ Slay+2} (You found it on level 6 of the Dungeon)
  7491 | D:6      | Found a staircase to the Ecumenical Temple.
  8047 | D:7      | Reached *** piety under Kikubaaqudgha
  8047 | D:7      | Identified Kikubaaqudgha's Catalogue of Stolen Souls {god gift} (Kikubaaqudgha gifted it to you on level 7 of the Dungeon)
  8047 | D:7      | Received a gift from Kikubaaqudgha
  8057 | D:7      | Learned a level 5 spell: Dispel Undead
  8064 | D:7      | Learned a level 6 spell: Death Channel
  8072 | D:7      | Found an iron altar of Okawaru.
  8074 | D:7      | Found a sparkling altar of Nemelex Xobeh.
  9135 | D:8      | Reached skill level 3 in Fighting
  9143 | D:8      | Reached skill level 11 in Necromancy
  9240 | D:8      | Found a transporter.
  9291 | D:8      | Noticed a two-headed ogre
  9297 | D:8      | Killed a two-headed ogre
  9297 | D:8      | Reached XP level 10. HP: 47/58 MP: 4/26
  9473 | D:8      | Found a transporter.
  9515 | D:8      | Reached skill level 12 in Necromancy
  9568 | D:8      | Noticed a two-headed ogre
  9576 | D:8      | Killed a two-headed ogre
  9645 | D:8      | Noticed a two-headed ogre
  9652 | D:8      | Killed a two-headed ogre
  9752 | D:8      | Reached **** piety under Kikubaaqudgha
  9761 | D:8      | Reached skill level 6 in Fighting
 10001 | D:8      | Reached skill level 13 in Necromancy
 10480 | D:9      | Found a staircase to the Orcish Mines.
 10504 | D:9      | Noticed a two-headed ogre
 10508 | D:9      | Killed a two-headed ogre
 10564 | D:9      | Found a hazy altar of Hepliaklqana.
 10613 | D:9      | Learned a level 4 spell: Animate Dead
 10630 | D:9      | Found Xaunil's Antique Weapon Shop.
 10762 | D:9      | Reached XP level 11. HP: 65/66 MP: 14/27
 10928 | D:9      | Reached ***** piety under Kikubaaqudgha
 11169 | D:10     | Entered Level 10 of the Dungeon
 11382 | D:10     | Found a staircase to the Lair.
 11483 | D:10     | Found Yqinifiw's Jewellery Boutique.
 11647 | D:10     | Bought an uncursed ring of protection from magic for 300 gold pieces
 11746 | D:10     | Found a shimmering altar of Xom.
 11923 | D:10     | Reached skill level 14 in Necromancy
 12131 | D:10     | Noticed a two-headed ogre
 12139 | D:10     | Killed a two-headed ogre
 12499 | D:11     | Noticed a brown ugly thing
 12509 | D:11     | Killed a brown ugly thing
 12623 | D:11     | Noticed a seven-headed hydra
 12631 | D:11     | Killed a seven-headed hydra
 12700 | D:11     | Noticed a death knight
 12700 | D:11     | Noticed a wizard
 12700 | D:11     | Noticed a tengu warrior
 12700 | D:11     | Noticed an ogre mage
 12700 | D:11     | Noticed a white ugly thing
 12701 | D:11     | Noticed a centaur warrior
 12971 | D:10     | Killed a white ugly thing
 13266 | D:11     | Killed an ogre mage
 13282 | D:11     | Killed a tengu warrior
 13313 | D:11     | Reached skill level 15 in Necromancy
 13323 | D:11     | HP: 1/69 [centaur warrior/uncursed whip (15)]
 13327 | D:11     | Killed a centaur warrior
 13494 | D:11     | Killed a wizard
 13494 | D:11     | Reached skill level 9 in Fighting
 13529 | D:11     | Noticed Snorg
 13564 | D:11     | Killed Snorg
 13661 | D:11     | Reached XP level 12. HP: 76/76 MP: 19/28
 13715 | D:11     | Killed a death knight
 14062 | D:12     | Noticed Azrael
 14283 | Lair:1   | Entered Level 1 of the Lair of Beasts
 14301 | Lair:1   | Noticed a six-headed hydra
 14308 | Lair:1   | Killed a six-headed hydra
 14563 | Lair:1   | Reached skill level 16 in Necromancy
 15009 | Lair:2   | Found a hole to the Spider Nest.
 15154 | Lair:2   | Found a staircase to the Shoals.
 16754 | Lair:4   | Noticed a five-headed hydra
 16765 | Lair:4   | Killed a five-headed hydra
 16806 | Lair:4   | Noticed an eight-headed hydra
 16812 | Lair:4   | Killed an eight-headed hydra
 16812 | Lair:4   | Reached skill level 17 in Necromancy
 16828 | Lair:4   | Noticed a six-headed hydra
 16831 | Lair:4   | Killed a six-headed hydra
 16833 | Lair:4   | Noticed a six-headed hydra
 16838 | Lair:4   | Killed a six-headed hydra
 17086 | Lair:4   | Noticed a fire dragon
 17127 | Lair:4   | Killed a fire dragon
 17127 | Lair:4   | Reached XP level 13. HP: 72/84 MP: 2/29
 17591 | Lair:4   | Reached ****** piety under Kikubaaqudgha
 17592 | Lair:4   | Received a gift from Kikubaaqudgha
 18167 | Lair:5   | Noticed Urug
 18173 | Lair:5   | Killed Urug
 18173 | Lair:5   | Reached skill level 18 in Necromancy
 18351 | Lair:5   | Found a staircase to the Slime Pits.
 18382 | Lair:5   | Learned a level 8 spell: Infestation
 18485 | Lair:5   | Reached skill level 12 in Spellcasting
 18838 | Lair:6   | Entered Level 6 of the Lair of Beasts
 19590 | Lair:6   | Noticed a fire dragon
 19604 | Lair:6   | Reached XP level 14. HP: 90/90 MP: 20/33
 19617 | Lair:6   | Reached skill level 19 in Necromancy
 19673 | Lair:6   | Found a large runed door.
 19673 | Lair:6   | Found a large runed door.
 20197 | D:12     | Killed Azrael
 20470 | D:12     | Found a sacrificial altar of Ru.
 20849 | D:13     | Noticed Nessos
 20860 | D:13     | Killed Nessos
 21812 | D:14     | Reached skill level 15 in Spellcasting
 21876 | D:14     | Found a gate to the Vaults.
 22197 | D:14     | Found a portal to a secret trove of treasure.
 22677 | D:14     | Reached skill level 20 in Necromancy
 23296 | D:15     | Entered Level 15 of the Dungeon
 23538 | D:15     | Found a shadowy altar of Dithmenos.
 23549 | D:15     | Reached skill level 3 in Dodging
 23556 | D:15     | Reached skill level 1 in Armour
 23556 | D:15     | Reached skill level 1 in Shields
 23737 | D:15     | Reached XP level 15. HP: 93/95 MP: 13/36
 23863 | D:15     | Found a staircase to the Depths.
 24086 | Orc:1    | Entered Level 1 of the Orcish Mines
 24443 | Orc:2    | Entered Level 2 of the Orcish Mines
 24672 | Orc:2    | Found Goequzur's Magic Scroll Shop.
 24711 | Orc:2    | Bought a scroll of teleportation for 48 gold pieces
 24711 | Orc:2    | Bought a scroll of teleportation for 48 gold pieces
 24711 | Orc:2    | Bought 3 scrolls of teleportation for 144 gold pieces
 24711 | Orc:2    | Bought a scroll of identify for 32 gold pieces
 24735 | Orc:2    | Found an ancient bone altar of Kikubaaqudgha.
 24736 | Orc:2    | Noticed Nergalle
 24745 | Orc:2    | Killed Nergalle
 24802 | Orc:2    | Found a radiant altar of Vehumet.
 24802 | Orc:2    | Noticed Erolcha
 24804 | Orc:2    | Reached skill level 3 in Shields
 24806 | Orc:2    | Killed Erolcha
 24806 | Orc:2    | Reached skill level 3 in Armour
 24928 | Orc:2    | Found Ryupn's Antique Weapon Boutique.
 24930 | Orc:2    | Found a roughly hewn altar of Beogh.
 24931 | Orc:2    | Found Dufroypp's Book Shop.
 24970 | Orc:2    | Bought a book of Enchantments for 700 gold pieces
 25015 | Orc:2    | Found Caxadgh's Gadget Boutique.
 25121 | Orc:2    | Found a roughly hewn altar of Beogh.
 25216 | Orc:2    | Found a staircase to the Elven Halls.
 25554 | Orc:1    | Found a bloodstained altar of Trog.
 25808 | Spider:1 | Entered Level 1 of the Spider Nest
 25996 | Lair:2   | Reached skill level 6 in Dodging
 26762 | Spider:1 | Killed a ghost moth
 27193 | Spider:2 | Noticed Arachne
 27203 | Spider:2 | Killed Arachne
 27203 | Spider:2 | Reached skill level 12 in Fighting
 27394 | Spider:2 | Found the +5 robe of Night {Dark MR+ SInv}
 28336 | Spider:3 | Reached XP level 16. HP: 101/101 MP: 17/37
 28369 | Spider:3 | Learned a level 8 spell: Borgnjor's Revivification
 28762 | Spider:4 | Entered Level 4 of the Spider Nest
 29093 | Spider:4 | Reached skill level 9 in Dodging
 29215 | Spider:4 | Noticed matthes123's ghost (adept MiFi)
 29219 | Spider:4 | Killed matthes123's ghost
 29219 | Spider:4 | Reached skill level 6 in Shields
 29925 | Spider:4 | Got a gossamer rune of Zot
 30125 | Shoals:1 | Entered Level 1 of the Shoals
 31346 | Shoals:2 | Noticed a kraken
 31819 | Shoals:2 | Found a sparkling altar of Nemelex Xobeh.
 32841 | Shoals:3 | Noticed a kraken
 32853 | Shoals:3 | Killed a kraken
 33732 | Shoals:4 | Entered Level 4 of the Shoals
 33827 | Shoals:4 | Noticed Ilsuiw
 33838 | Shoals:4 | Reached XP level 17. HP: 80/109 MP: 3/38
 34471 | Shoals:4 | Killed Ilsuiw
 34755 | Shoals:4 | Reached skill level 12 in Dodging
 34817 | Shoals:4 | HP: 5/109 [something (6)]
 35229 | Shoals:4 | Identified the amulet "Arrin" {Harm *Drain rElec} (You found it on level 4 of the Shoals)
 35300 | Shoals:4 | Identified Sif Muna's Grimoire of Dislocated Combat Magic
 35317 | Shoals:4 | Learned a level 6 spell: Statue Form
 35364 | Shoals:4 | Reached skill level 1 in Transmutations
 35421 | Shoals:4 | Reached skill level 3 in Transmutations
 35425 | Shoals:4 | Got a barnacled rune of Zot
 36370 | Vaults:1 | Entered Level 1 of the Vaults
 36677 | Vaults:1 | Reached skill level 6 in Transmutations
 37726 | Vaults:1 | Reached skill level 9 in Transmutations
 38164 | Vaults:2 | Reached skill level 9 in Earth Magic
 38424 | Vaults:2 | Reached XP level 18. HP: 116/116 MP: 17/39
 38905 | Vaults:2 | Found the smoking robe
 38966 | Vaults:2 | Identified the cursed -5 robe of Misfortune {-Cast *Contam *Tele *Drain EV-5 Stlth-- *Curse} (You found it on level 2 of the Vaults)
 39892 | Vaults:2 | Found a staircase to the Crypt.
 42721 | Vaults:4 | Reached skill level 18 in Spellcasting
 42802 | Vaults:4 | Reached XP level 19. HP: 123/123 MP: 21/43
 42803 | Vaults:4 | Reached skill level 15 in Fighting
 43196 | Vaults:4 | Identified the Papyrus of Summoning
 43204 | Vaults:4 | Learned a level 6 spell: Deflect Missiles
 43612 | Vaults:4 | Reached skill level 1 in Charms
 44143 | Depths:1 | Entered Level 1 of the Depths
 44148 | Depths:1 | Found a gateway to Hell.
 44155 | Depths:1 | Reached skill level 1 in Air Magic
 44165 | Depths:1 | Reached skill level 3 in Charms
 44308 | Depths:1 | Reached skill level 3 in Air Magic
 44447 | Depths:1 | Noticed Sojobo
 44457 | Depths:1 | Killed Sojobo
 44457 | Depths:1 | Reached skill level 6 in Charms
 44741 | Depths:1 | Noticed Jorgrun
 44744 | Depths:1 | Killed Jorgrun
 45105 | Depths:2 | Reached skill level 1 in Evocations
 45126 | Depths:2 | Killed from afar by a fire giant

Skill      XL: |  1  2  3  4  5  6  7  8  9 10 11 12 13 14 15 16 17 18 19 |
---------------+----------------------------------------------------------+-----
Necromancy     | 5 6 7 8 9 11 13 15 17 18 20 | 20.1
Spellcasting   | 4 5 6 7 8 9 10 13 15 18 | 18.3
Earth Magic    | 2 4 6 7 9 10 | 10.0
Fighting       | 4 6 9 11 12 13 14 15 | 15.2
Dodging        | 4 8 11 12 | 12.5
Armour         | 2 5 |  5.0
Shields        | 2 5 8 |  8.7
Transmutations | 9 10 | 10.5
Charms         | 7 |  7.3
Air Magic      | 5 |  5.0
Evocations     | 2 |  2.1
Stealth        | |  2.4

Action                   |  1- 3 |  4- 6 |  7- 9 | 10-12 | 13-15 | 16-18 | 19-21 || total
-------------------------+-------+-------+-------+-------+-------+-------+-------++-------
Melee: Short sword       |     4 |    20 |    19 |       |       |       |       ||    43
       Dagger            |       |       |   149 |   206 |   179 |    41 |       ||   575
       Staff             |       |       |       |       |       |   151 |    20 ||   171
Throw: Stone             |     2 |       |       |       |       |       |       ||     2
 Cast: Pain              |    57 |    93 |   139 |   142 |    21 |    29 |       ||   481
       Animate Skeleton  |    20 |     9 |    20 |    23 |     7 |       |       ||    79
       Vampiric Draining |     1 |     5 |     3 |       |       |       |       ||     9
       Borgnjor's Vile C |       |     1 |    31 |    96 |   107 |   186 |    24 ||   445
       Regeneration      |       |       |     9 |     7 |     8 |    13 |     2 ||    39
       Death Channel     |       |       |       |    24 |    27 |    40 |     7 ||    98
       Dispel Undead     |       |       |       |     5 |    17 |    18 |     7 ||    47
       Animate Dead      |       |       |       |     7 |    18 |    13 |       ||    38
       Infestation       |       |       |       |       |    95 |   163 |    22 ||   280
       Statue Form       |       |       |       |       |       |     1 |       ||     1
       Deflect Missiles  |       |       |       |       |       |       |     1 ||     1
Invok: Receive Necronomi |       |       |       |       |     1 |       |       ||     1
Evoke: Wand              |       |       |       |     1 |     4 |     1 |       ||     6
       Staff of energy   |       |       |       |       |       |       |     4 ||     4
  Use: Scroll            |       |       |    13 |    16 |    15 |     9 |       ||    53
       Potion            |       |       |     5 |     1 |       |       |       ||     6
 Stab: Sleeping          |     1 |     1 |     1 |     2 |     2 |     1 |       ||     8
       Distracted        |       |       |       |     2 |     2 |     2 |       ||     6
       Paralysed         |       |       |       |       |     3 |       |       ||     3
  Eat: Chunk             |     2 |     6 |    23 |    30 |    66 |    51 |     4 ||   182
       Ration            |       |       |     1 |     5 |     6 |     3 |     1 ||    16
Armor: Robe              |     1 |     4 |    46 |    41 |     8 |   127 |     6 ||   233
       Troll leather arm |       |       |       |    21 |   118 |       |       ||   139
Dodge: Dodged            |    17 |    38 |   137 |   130 |   194 |   382 |    32 ||   930
       Deflected         |       |       |       |       |       |       |     4 ||     4
Block: Other             |       |       |    23 |    60 |    43 |    34 |       ||   160
       Reflection        |       |       |       |     2 |     6 |    61 |     7 ||    76
       Buckler           |       |       |       |       |       |   182 |    26 ||   208
